Map: Bel'Shir Vestige LE (Void)

Players

Elazer - Winner!

  • Race: Zerg Zerg
  • Spawn Location: 11:00

souL

  • Race: Terran Terran
  • Spawn Location: 5:00

Event: IEM XI Katowice - World Championship 2017

VOD

Have the link to the VOD?

Description

Time

  • Played on: Feb. 27, 2017, 10:14 a.m.
  • Length: 13:22

All games in this series

Show
View Real Time Build Order
Export as new Build Order

Elazer Zerg - Winner!

Build Orders: Pool First 

Get SALT Encoding   

  12  0:00  Drone  
  13  0:12  Overlord  
  13  0:16  Drone  
  14  0:30  Drone x2  
  14  0:35  Drone  
  17  0:44  Extractor  
  17  0:46  Drone  
  17  0:49  Spawning Pool  
  16  0:55  Drone  
  17  1:07  Drone  
  18  1:18  Hatchery  
  17  1:23  Drone  
  18  1:37  Zergling x2  
  18  1:38  Roach Warren  
  18  1:45  Queen  
  20  1:49  Drone  
  21  1:56  Overlord  
  21  2:18  Roach x2  
  21  2:21  Queen  
  21  2:22  Roach  
  29  2:32  Roach  
  29  2:34  Overlord  
  31  2:40  Drone  
  31  2:41  Ravager x2  
  31  2:43  Drone  
  34  2:51  Drone  
  35  2:55  Drone  
  35  2:56  Drone  
  37  2:59  Drone  
  37  3:04  Overlord  
  38  3:07  Drone  
  38  3:10  Drone  
  40  3:14  Drone  
  40  3:18  Drone  
  43  3:27  Drone x2  
  43  3:30  Drone  
  43  3:32  Drone  
  46  3:43  Hatchery, Drone  
  46  3:44  Drone  
  46  3:46  Ravager x2  
  49  3:48  Drone  
  49  3:50  Drone  
  51  4:12  Overlord  
  51  4:26  Overlord  
  51  4:34  Lair, Overlord  
  51  4:44  Queen  
  51  4:45  Extractor, Drone x6  
  59  4:47  Spore Crawler  
  59  4:48  Spore Crawler  
  59  4:49  Overlord, Drone  
  59  4:52  Drone x2  
  59  4:57  Queen  
  58  5:00  Overlord  
  58  5:01  Drone x2  
  58  5:02  Drone x2  
  58  5:06  Overlord  
  58  5:07  Extractor, Drone x3  
  61  5:10  Spore Crawler  
  61  5:14  Drone x2  
  65  5:19  Evolution Chamber  
  65  5:20  Queen, Evolution Chamber, Drone x2  
  67  5:24  Drone  
  68  5:32  Overseer  
  70  5:35  Overlord  
  70  5:38  Overlord  
  70  5:40  Drone x5  
  73  5:43  Glial Reconstitution  
  73  5:44  Drone  
  73  5:48  Zerg Missile Weapons Level 1  
  73  5:51  Drone  
  73  5:55  Zerg Ground Armor Level 1  
  73  5:56  Drone x2  
  74  6:00  Overlord  
  74  6:01  Drone x2  
  74  6:02  Extractor  
  74  6:03  Overseer  
  75  6:04  Extractor  
  75  6:05  Drone x2  
  75  6:09  Roach x2  
  79  6:13  Drone x2  
  79  6:16  Roach x2  
  84  6:19  Drone x4  
  84  6:20  Drone  
  88  6:26  Overlord  
  88  6:30  Extractor  
  88  6:31  Drone x2  
  88  6:32  Infestation Pit  
  87  6:37  Drone x4  
  87  6:38  Drone  
  87  6:39  Drone x2  
  94  6:40  Drone x2  
  94  6:46  Overlord  
  94  6:47  Drone x2  
  98  6:58  Baneling Nest, Drone  
  98  7:02  Zergling x10  
  98  7:05  Metabolic Boost  
  103  7:10  Zergling x12, Hive  
  103  7:13  Overlord  
  109  7:17  Hatchery  
  108  7:23  Overlord  
  108  7:24  Zergling x4  
  108  7:25  Zergling x4  
  112  7:31  Overlord  
  112  7:32  Zergling x2  
  113  7:43  Zergling x10  
  118  7:45  Zergling x12  
  118  7:50  Overlord  
  124  7:59  Hatchery, Overlord x2  
  124  8:03  Overlord  
  123  8:08  Centrifical Hooks  
  123  8:09  Zerg Melee Weapons Level 1, Zerg Ground Armor Level 2  
  123  8:10  Drone  
  124  8:13  Zergling x10  
  129  8:26  Overlord  
  129  8:27  Ultralisk Cavern  
  129  8:29  Zergling x6  
  129  8:32  Overlord  
  131  8:35  Adrenal Glands  
  131  8:40  Zergling x2  
  131  8:41  Zergling x10  
  129  8:45  Zergling x8  
  129  8:46  Zergling x2  
  133  8:54  Overlord  
  133  8:55  Spore Crawler  
  130  9:06  Baneling x5  
  130  9:08  Baneling x4  
  130  9:09  Zergling x10  
  135  9:13  Chitinous Plating  
  135  9:14  Ultralisk x4  
  159  9:22  Baneling x3  
  159  9:30  Ultralisk  
  165  9:36  Hatchery  
  163  9:39  Overlord x2  
  163  9:44  Ultralisk  
  169  9:45  Zergling x2  
  169  9:46  Zergling x8  
  169  9:52  Zergling x10  
  179  9:53  Zergling x2  
  179  9:54  Ravager x2  
  182  10:02  Ravager x2  
  183  10:09  Zergling x16  
  183  10:11  Baneling x4  
  183  10:12  Baneling x3  
  187  10:21  Zerg Melee Weapons Level 2  
  187  10:22  Drone x5  
  187  10:27  Overlord  
  189  10:31  Overlord  
  189  10:32  Infestor  
  186  10:37  Overlord  
  186  10:39  Overlord  
  186  10:42  Infestor  
  185  10:45  Drone x3  
  185  10:48  Overlord  
  187  10:54  Infestor  
  187  10:55  Burrow  
  188  10:58  Zergling x20  
  197  11:04  Baneling  
  197  11:05  Baneling x6  
  197  11:09  Overlord  
  197  11:13  Zergling x2  
  197  11:14  Zergling x4  
  200  11:22  Extractor  
  200  11:23  Spore Crawler, Overlord  
  194  11:41  Baneling x6  
  194  11:42  Zergling x10, Baneling x2  
  194  11:43  Zergling x2  
  198  11:49  Baneling  
  191  11:55  Zergling x16  
  187  12:06  Ultralisk x3  
  183  12:19  Ultralisk  
  183  12:20  Zergling x14  
  183  12:21  Zergling x6  
  196  12:32  Zergling x2  
  196  12:33  Zergling x10  
  136  12:54  Zergling x16  
  150  13:03  Zergling x2  
  150  13:04  Zergling x6  
  154  13:08  Hatchery  
Show
View Real Time Build Order
Export as new Build Order

souL Terran 

Build Orders: Reaper Expand, Bio Tank, Banshee Rush 

Get SALT Encoding   

  12  0:00  SCV  
  13  0:13  SCV  
  14  0:17  Supply Depot  
  14  0:25  SCV  
  15  0:39  SCV  
  15  0:40  Barracks  
  16  0:45  Refinery  
  16  0:51  SCV  
  17  1:03  SCV  
  18  1:15  SCV  
  19  1:27  Orbital Command  
  19  1:29  Reaper  
  20  1:40  Command Center  
  20  1:48  Supply Depot  
  20  1:53  SCV  
  21  2:01  Marine  
  22  2:05  SCV  
  23  2:09  Factory  
  23  2:17  SCV  
  24  2:22  Barracks Reactor  
  25  2:30  SCV  
  25  2:42  SCV  
  25  2:44  Command Center  
  25  2:54  SCV, Refinery  
  26  2:59  Marine x2, Bunker  
  26  3:02  Starport  
  26  3:04  Orbital Command  
  28  3:06  SCV  
  28  3:11  Factory Tech Lab  
  29  3:17  Marine x2  
  29  3:18  SCV  
  32  3:30  SCV  
  33  3:35  Marine  
  33  3:37  Marine  
  36  3:42  SCV  
  36  3:43  Supply Depot  
  36  3:45  Supply Depot  
  36  3:46  Supply Depot  
  36  3:51  Banshee  
  36  3:52  Cloaking Field  
  40  4:03  Supply Depot  
  40  4:06  SCV  
  40  4:10  Orbital Command  
  40  4:11  Factory Tech Lab  
  39  4:18  SCV  
  39  4:21  Barracks Reactor  
  40  4:31  SCV  
  39  4:34  Banshee  
  42  4:39  Command Center  
  42  4:43  SCV  
  42  4:44  SCV  
  44  4:55  SCV  
  44  4:56  SCV  
  49  5:00  Supply Depot  
  49  5:04  Barracks  
  49  5:05  Barracks  
  46  5:07  SCV  
  46  5:08  SCV  
  46  5:11  Factory Reactor  
  48  5:16  Refinery  
  48  5:17  Barracks  
  48  5:19  SCV  
  48  5:20  SCV  
  52  5:27  Viking  
  52  5:28  Marine, Stimpack  
  52  5:31  Supply Depot, Refinery, SCV  
  52  5:33  SCV  
  55  5:43  Engineering Bay, SCV  
  55  5:45  SCV  
  55  5:46  Marine, Engineering Bay  
  58  5:52  Orbital Command  
  58  5:55  SCV  
  60  5:57  SCV  
  60  6:04  Marine, Starport Reactor  
  60  6:05  Factory Reactor  
  60  6:07  SCV  
  60  6:09  Supply Depot, SCV  
  60  6:10  Barracks  
  60  6:11  Marine, Barracks  
  64  6:19  Supply Depot, SCV  
  64  6:21  Terran Infantry Armor Level 1, Marine, Terran Infantry Weapons Level 1  
  64  6:24  Marine x2  
  68  6:28  Marine  
  68  6:31  Marine  
  70  6:35  SCV x2  
  70  6:38  Marine  
  73  6:40  Supply Depot  
  73  6:41  Supply Depot, Marine  
  73  6:42  Marine  
  73  6:43  Medivac  
  73  6:44  Medivac  
  79  6:47  Widow Mine x2, SCV  
  79  6:50  Orbital Command  
  79  6:51  Supply Depot  
  79  6:52  SCV  
  82  6:59  Marine, SCV, Barracks Reactor x2  
  82  7:00  Marine  
  85  7:04  SCV  
  85  7:06  Marine x2  
  88  7:08  Supply Depot  
  88  7:11  SCV  
  88  7:12  Marine, Bunker  
  90  7:15  Armory  
  90  7:16  SCV  
  90  7:20  Medivac x2  
  90  7:21  SCV  
  96  7:23  SCV  
  96  7:28  Combat Shields  
  96  7:29  SCV  
  100  7:31  Marine  
  100  7:32  Marine, Refinery  
  100  7:33  Marine  
  100  7:35  SCV  
  106  7:38  Supply Depot  
  106  7:39  Marine, SCV  
  104  7:45  Factory  
  104  7:50  Marine x3, Medivac  
  104  7:51  Marine  
  110  7:52  Marine  
  110  7:53  Marine  
  110  7:56  Siege Tank  
  110  7:58  Barracks  
  111  7:59  Marine, Barracks  
  111  8:00  Marine x2, SCV  
  115  8:08  Marine  
  115  8:09  Marine  
  115  8:10  Marine  
  118  8:14  Refinery  
  118  8:17  Barracks  
  118  8:18  Supply Depot, Marauder  
  118  8:19  Marine, Supply Depot  
  121  8:26  Terran Infantry Weapons Level 2  
  121  8:28  Marine x2, Siege Tank  
  121  8:29  Marine x3  
  121  8:31  Marine  
  130  8:39  Marauder  
  130  8:40  Marine  
  131  8:45  Marine  
  131  8:46  Marine x4  
  134  8:50  Terran Infantry Armor Level 2  
  134  8:53  Marine x3  
  137  8:58  Factory Tech Lab  
  137  9:00  Marine, Siege Tank  
  137  9:01  Marauder  
  143  9:05  Marine  
  143  9:06  Marine x3  
  146  9:10  Marine  
  146  9:13  Barracks Tech Lab  
  146  9:15  Barracks Tech Lab  
  143  9:22  Marauder  
  147  9:25  Command Center  
  147  9:26  Marine  
  147  9:27  Barracks Tech Lab  
  147  9:30  Marine  
  151  9:32  Siege Tank  
  151  9:35  Siege Tank  
  157  9:40  Supply Depot, Terran Vehicle Weapons Level 1  
  157  9:44  Marauder  
  155  9:46  Marine, Marauder  
  158  9:53  Liberator x2  
  158  9:56  Marine x2, Marauder x2  
  164  10:01  Supply Depot  
  164  10:04  Siege Tank  
  164  10:06  Marauder  
  171  10:07  Siege Tank  
  171  10:13  Marine  
  165  10:14  Marauder  
  165  10:19  Marauder x2  
  165  10:20  Concussive Shells  
  166  10:29  Marine  
  166  10:35  Marine x2  
  169  10:36  Siege Tank, Marauder  
  169  10:38  Marine  
  169  10:40  Siege Tank  
  169  10:41  Marine, Marauder  
  169  10:42  Marine  
  174  10:43  Marine x2  
  174  10:44  Marine x2  
  174  10:47  Marine  
  178  10:53  Marine x2  
  178  10:55  Marine  
  179  11:00  Medivac x2  
  179  11:03  Marine, Marauder  
  186  11:07  Unknown x2  
  186  11:09  Starport  
  186  11:12  Marine  
  186  11:13  Marauder  
  188  11:20  Marauder  
  188  11:22  Marine  
  188  11:29  Supply Depot  
  188  11:40  Marine, Medivac  
  188  11:46  Marine, Marauder  
  188  11:49  Siege Tank, Marauder  
  188  11:50  Marauder  
  141  12:08  Marine  
  141  12:09  Marine  
  141  12:10  Marine x2  
  141  12:11  Marine  
  141  12:13  Marauder  
  141  12:14  Marauder x2  
  132  12:16  Marine  
  132  12:17  Marauder  
  132  12:34  Orbital Command  
  122  12:38  Orbital Command  

Tags
 
Add a new tag
Caveats
  • Supply blocks, unpowered buildings, or Contaminate may cause inaccurate times.
  • Supply counts are checked every 10 seconds.